[ AOE2 MATCH · #504654362 ]
UnrankedMalay vs Huns
Player's team · WIN
Rival team · LOSS
[ REPLAY ANALYSIS · EXTRACTED FROM THE RECORDED GAME ]
Feudal
8:53
Castle
20:34
Imperial
33:42
| APM avg | 75.5 |
| APM peak | 130 |
| eAPM avg | 34.6 |
| Villagers / military | 148 / 122 |
Focus
⚔️ 52.2% · 🌾 47.8%
Archer ×103 · Mangonel ×5 · Militia ×4 · Bombard Cannon ×3 · Skirmisher ×2 · Scout Cavalry ×2
Feudal
9:16
Castle
21:25
Imperial
—
| APM avg | 103.0 |
| APM peak | 131 |
| eAPM avg | 34.1 |
| Villagers / military | 122 / 106 |
Focus
⚔️ 52.2% · 🌾 47.8%
Archer ×52 · Skirmisher ×37 · Militia ×8 · Spearman ×6 · Mangonel ×3
Match map
Initial resources + every placement click. Lines = walls · curves = elevation contours. ◆ gold · ⬟ stone · ● berries · ✦ relic · ◌ wall gap
Your base· ✓ Closed at 20:34 · 37t walls · 1 gate(s)
hK | Romell13's base· Open — opponent sealed themselves in
Smoothed initial terrain · ◌ = detected wall gap · hover for details
Inputs per minute
— Gengar - - hK | Romell13
Build order — Gengar
First 150 of 434 actions detected
| 0:00 | Create | Villager (Male) |
| 0:02 | Build | House |
| 0:02 | Create | Villager (Male) |
| 0:03 | Build | House |
| 0:03 | Create | Villager (Male) |
| 0:04 | Create | Villager (Male) |
| 1:23 | Create | Villager (Male) |
| 1:53 | Create | Villager (Male) |
| 2:11 | Build | Lumber Camp |
| 2:20 | Create | Villager (Male) |
| 2:55 | Create | Villager (Male) |
| 2:58 | Create | Villager (Male) |
| 2:59 | Create | Villager (Male) |
| 3:29 | Create | Villager (Male) |
| 3:49 | Build | House |
| 3:56 | Create | Villager (Male) |
| 4:17 | Create | Villager (Male) |
| 4:37 | Create | Villager (Male) |
| 4:40 | Build | Barracks |
| 4:59 | Build | House |
| 5:08 | Create | Villager (Male) |
| 5:30 | Create | Villager (Male) |
| 5:31 | Create | Villager (Male) |
| 6:20 | Create | Villager (Male) |
| 6:32 | Build | Mill |
| 6:51 | Research | Loom |
| 7:35 | Research | Feudal Age |
| 7:35 | Research | Feudal Age |
| 7:44 | Build | Mining Camp |
| 7:55 | Create | Militia |
| 7:56 | Create | Militia |
| 8:00 | Build | Lumber Camp |
| 8:11 | Create | Militia |
| 8:29 | Create | Militia |
| 8:33 | Build | House |
| 8:49 | Create | Villager (Male) |
| 8:53 | Age | Feudal Age |
| 9:12 | Create | Villager (Male) |
| 9:31 | Create | Villager (Male) |
| 9:44 | Create | Villager (Male) |
| 10:02 | Create | Villager (Male) |
| 10:07 | Build | Archery Range |
| 10:12 | Build | House |
| 10:22 | Research | Double-Bit Axe |
| 10:44 | Build | Farm |
| 10:47 | Build | Farm |
| 10:53 | Build | Palisade Wall |
| 10:54 | Build | Palisade Wall |
| 10:54 | Build | Palisade Wall |
| 10:58 | Create | Villager (Male) |
| 11:02 | Create | Archer |
| 11:10 | Create | Villager (Male) |
| 11:15 | Build | Farm |
| 11:17 | Create | Archer |
| 11:17 | Create | Archer |
| 11:26 | Create | Archer |
| 11:47 | Create | Villager (Male) |
| 11:50 | Build | Farm |
| 11:53 | Build | Farm |
| 11:58 | Build | House |
| 12:02 | Create | Villager (Male) |
| 12:08 | Build | Palisade Wall |
| 12:16 | Create | Archer |
| 12:26 | Build | Blacksmith |
| 12:31 | Create | Villager (Male) |
| 12:38 | Build | Farm |
| 12:46 | Create | Villager (Male) |
| 12:47 | Create | Archer |
| 12:57 | Build | Farm |
| 13:02 | Build | Palisade Wall |
| 13:03 | Create | Villager (Male) |
| 13:04 | Create | Archer |
| 13:09 | Build | House |
| 13:22 | Build | House |
| 13:24 | Research | Fletching |
| 13:24 | Research | Fletching |
| 13:26 | Create | Archer |
| 13:27 | Create | Archer |
| 13:30 | Create | Villager (Male) |
| 13:32 | Build | Palisade Wall |
| 13:48 | Create | Villager (Male) |
| 13:50 | Create | Archer |
| 14:06 | Create | Villager (Male) |
| 14:08 | Create | Archer |
| 14:12 | Create | Villager (Male) |
| 14:15 | Build | House |
| 14:20 | Build | House |
| 14:21 | Build | House |
| 14:25 | Build | Farm |
| 14:27 | Build | Farm |
| 14:27 | Build | Farm |
| 14:43 | Build | Farm |
| 14:51 | Build | Farm |
| 14:53 | Build | Farm |
| 14:53 | Create | Villager (Male) |
| 14:56 | Build | Palisade Wall |
| 14:58 | Create | Villager (Male) |
| 15:00 | Create | Archer |
| 15:01 | Create | Villager (Male) |
| 15:13 | Create | Archer |
| 15:16 | Build | House |
| 15:19 | Create | Villager (Male) |
| 15:22 | Build | Palisade Gate |
| 15:44 | Create | Skirmisher |
| 15:45 | Build | Farm |
| 15:45 | Create | Villager (Male) |
| 15:47 | Build | House |
| 16:01 | Build | Palisade Wall |
| 16:10 | Build | Farm |
| 16:38 | Build | House |
| 16:49 | Create | Skirmisher |
| 16:50 | Create | Villager (Male) |
| 17:08 | Build | Stable |
| 17:11 | Create | Archer |
| 17:15 | Create | Villager (Male) |
| 17:44 | Create | Villager (Male) |
| 17:55 | Build | Farm |
| 17:56 | Build | Farm |
| 17:56 | Build | Farm |
| 17:56 | Build | Farm |
| 18:01 | Create | Scout Cavalry |
| 18:02 | Create | Archer |
| 18:14 | Create | Archer |
| 18:34 | Build | Archery Range |
| 18:39 | Create | Archer |
| 18:58 | Research | Castle Age |
| 18:58 | Research | Castle Age |
| 18:59 | Create | Archer |
| 18:59 | Create | Archer |
| 19:10 | Build | Farm |
| 19:17 | Research | Horse Collar |
| 19:17 | Research | Horse Collar |
| 19:21 | Create | Archer |
| 19:21 | Create | Archer |
| 19:22 | Create | Archer |
| 19:22 | Create | Archer |
| 19:30 | Build | Palisade Wall |
| 19:33 | Build | Palisade Wall |
| 19:38 | Research | Gold Mining |
| 19:45 | Build | Farm |
| 19:46 | Create | Archer |
| 19:51 | Create | Archer |
| 20:11 | Build | Palisade Wall |
| 20:20 | Create | Scout Cavalry |
| 20:34 | Age | Castle Age |
| 20:37 | Research | Bodkin Arrow |
| 20:39 | Create | Villager (Male) |
| 20:46 | Create | Villager (Male) |
| 20:52 | Build | Town Center |
| 20:52 | Create | Villager (Male) |
Build order — hK | Romell13
First 150 of 340 actions detected
| 0:01 | Create | Villager (Male) |
| 0:01 | Create | Villager (Male) |
| 0:01 | Create | Villager (Male) |
| 0:07 | Create | Villager (Male) |
| 1:23 | Create | Villager (Male) |
| 1:38 | Create | Villager (Male) |
| 1:45 | Build | Lumber Camp |
| 1:56 | Create | Villager (Male) |
| 2:29 | Create | Villager (Male) |
| 2:48 | Create | Villager (Male) |
| 2:48 | Create | Villager (Male) |
| 3:17 | Create | Villager (Male) |
| 3:17 | Create | Villager (Male) |
| 3:47 | Create | Villager (Male) |
| 3:47 | Create | Villager (Male) |
| 4:15 | Create | Villager (Male) |
| 4:15 | Create | Villager (Male) |
| 4:18 | Build | Mill |
| 4:20 | Create | Villager (Male) |
| 4:21 | Create | Villager (Male) |
| 5:07 | Create | Villager (Male) |
| 5:07 | Create | Villager (Male) |
| 5:07 | Create | Villager (Male) |
| 5:40 | Create | Villager (Male) |
| 5:40 | Create | Villager (Male) |
| 5:50 | Create | Villager (Male) |
| 5:50 | Create | Villager (Male) |
| 6:07 | Create | Villager (Male) |
| 6:22 | Build | Barracks |
| 6:34 | Research | Loom |
| 7:03 | Research | Feudal Age |
| 7:03 | Research | Feudal Age |
| 7:19 | Build | Mining Camp |
| 7:22 | Build | Mining Camp |
| 7:30 | Create | Militia |
| 7:30 | Create | Militia |
| 7:30 | Create | Militia |
| 7:47 | Create | Militia |
| 7:47 | Create | Militia |
| 7:47 | Create | Militia |
| 7:58 | Create | Militia |
| 7:58 | Create | Militia |
| 9:16 | Age | Feudal Age |
| 9:17 | Create | Villager (Male) |
| 9:18 | Build | Archery Range |
| 9:19 | Research | Man-at-Arms (upgrade) |
| 9:19 | Research | Man-at-Arms (upgrade) |
| 9:23 | Create | Villager (Male) |
| 9:34 | Create | Villager (Male) |
| 9:34 | Create | Villager (Male) |
| 9:55 | Create | Villager (Male) |
| 10:12 | Create | Archer |
| 10:20 | Create | Villager (Male) |
| 10:21 | Build | Farm |
| 10:22 | Build | Farm |
| 10:22 | Build | Farm |
| 10:22 | Build | Farm |
| 10:27 | Create | Villager (Male) |
| 10:34 | Create | Archer |
| 10:34 | Create | Archer |
| 10:42 | Build | Farm |
| 10:56 | Research | Double-Bit Axe |
| 10:57 | Research | Double-Bit Axe |
| 11:00 | Create | Archer |
| 11:00 | Create | Archer |
| 11:01 | Create | Archer |
| 11:17 | Create | Villager (Male) |
| 11:29 | Create | Archer |
| 11:43 | Create | Villager (Male) |
| 11:55 | Build | Farm |
| 11:55 | Build | Farm |
| 11:55 | Build | Farm |
| 12:03 | Create | Villager (Male) |
| 12:17 | Build | Farm |
| 12:24 | Create | Skirmisher |
| 12:28 | Create | Villager (Male) |
| 12:40 | Create | Villager (Male) |
| 12:40 | Create | Villager (Male) |
| 12:40 | Create | Villager (Male) |
| 12:43 | Build | Blacksmith |
| 13:00 | Create | Archer |
| 13:01 | Create | Archer |
| 13:01 | Create | Archer |
| 13:27 | Research | Fletching |
| 13:49 | Create | Villager (Male) |
| 13:56 | Create | Villager (Male) |
| 14:14 | Create | Villager (Male) |
| 14:17 | Create | Villager (Male) |
| 14:19 | Build | Farm |
| 14:19 | Build | Farm |
| 14:20 | Build | Farm |
| 14:20 | Build | Farm |
| 14:20 | Build | Farm |
| 14:28 | Create | Archer |
| 14:28 | Create | Archer |
| 14:49 | Create | Archer |
| 15:02 | Research | Padded Archer Armor |
| 15:02 | Create | Villager (Male) |
| 15:04 | Build | Farm |
| 15:21 | Create | Skirmisher |
| 15:22 | Create | Villager (Male) |
| 15:42 | Create | Villager (Male) |
| 15:47 | Create | Archer |
| 15:47 | Create | Villager (Male) |
| 15:52 | Build | Farm |
| 15:53 | Build | Farm |
| 15:54 | Create | Villager (Male) |
| 16:03 | Create | Skirmisher |
| 16:08 | Build | Farm |
| 16:36 | Create | Skirmisher |
| 17:10 | Build | Lumber Camp |
| 17:20 | Create | Villager (Male) |
| 17:38 | Create | Villager (Male) |
| 18:00 | Create | Skirmisher |
| 18:16 | Create | Skirmisher |
| 18:43 | Create | Archer |
| 18:43 | Create | Archer |
| 18:45 | Research | Castle Age |
| 18:45 | Research | Castle Age |
| 18:50 | Build | Archery Range |
| 18:59 | Create | Spearman |
| 18:59 | Create | Spearman |
| 19:25 | Create | Archer |
| 19:41 | Build | Palisade Wall |
| 19:44 | Build | Palisade Wall |
| 19:47 | Build | Palisade Wall |
| 20:00 | Create | Archer |
| 20:00 | Create | Archer |
| 20:04 | Build | Palisade Wall |
| 20:12 | Build | Palisade Wall |
| 20:12 | Build | Palisade Wall |
| 20:13 | Build | Palisade Wall |
| 20:20 | Research | Gold Mining |
| 20:21 | Research | Horse Collar |
| 20:29 | Build | Palisade Wall |
| 20:42 | Build | Farm |
| 20:52 | Create | Villager (Male) |
| 20:59 | Build | Lumber Camp |
| 21:03 | Create | Archer |
| 21:03 | Create | Archer |
| 21:06 | Create | Villager (Male) |
| 21:25 | Age | Castle Age |
| 21:27 | Research | Bodkin Arrow |
| 21:27 | Research | Bodkin Arrow |
| 21:28 | Create | Villager (Male) |
| 21:37 | Create | Villager (Male) |
| 21:40 | Create | Villager (Male) |
| 21:45 | Create | Villager (Male) |
| 21:55 | Research | Crossbowman (upgrade) |
| 21:56 | Research | Crossbowman (upgrade) |
Match timeline
| 4:40 | Gengar · first_building Barracks |
| 6:22 | hK | Romell13 · first_building Barracks |
| 8:53 | Gengar · age_up feudal |
| 9:16 | hK | Romell13 · age_up feudal |
| 9:18 | hK | Romell13 · first_building Archery Range |
| 10:07 | Gengar · first_building Archery Range |
| 10:53 | Gengar · wall_segment Palisade Wall x3 |
| 10:54 | Gengar · wall_segment Palisade Wall x1 |
| 10:54 | Gengar · wall_segment Palisade Wall x1 |
| 12:08 | Gengar · wall_segment Palisade Wall x6 |
| 13:02 | Gengar · wall_segment Palisade Wall x4 |
| 13:32 | Gengar · wall_segment Palisade Wall x1 |
| 14:56 | Gengar · wall_segment Palisade Wall x1 |
| 16:01 | Gengar · wall_segment Palisade Wall x9 |
| 17:08 | Gengar · first_building Stable |
| 19:30 | Gengar · wall_segment Palisade Wall x3 |
| 19:33 | Gengar · wall_segment Palisade Wall x9 |
| 19:41 | hK | Romell13 · wall_segment Palisade Wall x5 |
| 19:44 | hK | Romell13 · wall_segment Palisade Wall x6 |
| 19:47 | hK | Romell13 · wall_segment Palisade Wall x10 |
| 20:04 | hK | Romell13 · wall_segment Palisade Wall x9 |
| 20:11 | Gengar · wall_segment Palisade Wall x1 |
| 20:12 | hK | Romell13 · wall_segment Palisade Wall x1 |
| 20:12 | hK | Romell13 · wall_segment Palisade Wall x2 |
| 20:13 | hK | Romell13 · wall_segment Palisade Wall x1 |
| 20:29 | hK | Romell13 · wall_segment Palisade Wall x12 |
| 20:34 | Gengar · age_up castle |
| 21:25 | hK | Romell13 · age_up castle |
| 24:01 | Gengar · first_building Siege Workshop |
| 24:03 | hK | Romell13 · wall_segment Palisade Wall x1 |
| 24:04 | hK | Romell13 · wall_segment Palisade Wall x1 |
| 24:05 | hK | Romell13 · wall_segment Palisade Wall x1 |
| 24:08 | hK | Romell13 · wall_segment Palisade Wall x1 |
| 24:09 | hK | Romell13 · wall_segment Palisade Wall x1 |
| 27:19 | hK | Romell13 · first_building Siege Workshop |
| 29:44 | hK | Romell13 · first_market_buy 100 food |
| 30:51 | Gengar · first_market_sell 100 food |
| 30:59 | Gengar · first_building Monastery |
| 31:30 | hK | Romell13 · first_market_sell 100 food |
| 33:42 | Gengar · age_up imperial |
| 33:45 | Gengar · first_building Castle |
| 36:15 | Gengar · first_market_buy 100 wood |
| 36:36 | hK | Romell13 · resign |
[ AI ANALYSIS · 1 CREDIT ]
What really happened in this match?
Wolo.gg analyzes every decision: build order, eco, micro, common mistakes by bracket. Personalized analysis on WhatsApp or Discord in 30 seconds.
Civ guide
Malay
Perfil
Jugador #3055068